 Dungeon Crawl Stone Soup version 0.31-a0-232-gb1c03b2570 (webtiles) character file.

Game seed: 12861390883670090237

1445 qw the Skirmisher (level 8, -1/50 HPs)
             Began as a Gargoyle Hexslinger on July 7, 2023.
             Slain by a killer bee (7 damage)
             ... on level 6 of the Dungeon.
             The game lasted 00:01:57 (5035 turns).

qw the Skirmisher (Gargoyle Hexslinger)             Turns: 5035, Time: 00:01:57

Health: -1/50      AC:  7    Str: 13    XL:     8   Next: 75%
Magic:  9/9        EV: 12    Int: 13    God:
Gold:   262        SH:  0    Dex: 14    Spells: 8/9 levels left

rFire   + . .        Y - +2 arbalest (flame)
rCold   + . .        (shield currently unavailable)
rNeg    + . .        e - +0 robe {rC+}
rPois   inf          (no helmet)
rElec   +            (no cloak)
rCorr   .            (no gloves)
SInv    .            (no boots)
Will    +....        (no amulet)
Stlth   +            a - ring of protection from fire
HPRegen 0.28/turn    f - ring of willpower
MPRegen 0.11/turn

%: no passive effects
@: no status effects
A: sickness immunity, AC +5, negative energy resistance 1, electricity
resistance, torment resistance 1, petrification resistance
a: no special abilities


You were on level 6 of the Dungeon.
You visited 1 branch of the dungeon, and saw 6 of its levels.

You collected 262 gold pieces.


Innate Abilities, Weirdness & Mutations

You are immune to sickness and miasma.
Your stone body is resilient. (AC +5)
You are immune to poison.
You resist negative energy. (rN+)
You are resistant to electric shocks. (rElec)
You are resistant to unholy torment.
You are immune to petrification.


   Skills:
 + Level 5.5 Fighting
 - Level 9.0 Ranged Weapons
 - Level 1.0 Armour
 - Level 2.6 Dodging
 - Level 1.0 Spellcasting
 - Level 2.6 Hexes


You had 8 spell levels left.
You knew the following spells:

 Your Spells              Type           Power      Damage    Failure   Level
a - Slow                  Hex            28%        N/A       10%         1

Your spell library contained the following spells:

 Spells                   Type           Power      Damage    Failure   Level
 Inner Flame              Hex/Fire       4%         N/A       43%         3
 Portal Projectile        Hex/Tloc       8%         N/A       43%         3
 Cause Fear               Hex            3%         N/A       67%         4

Inventory:

Hand Weapons
 Y - a +2 arbalest of flaming (weapon)
Armour
 e - a +0 robe of cold resistance (worn)
 g - a +0 ring mail
 o - a +2 leather armour of cold resistance
 p - the +0 ring mail of Cyoloet {rElec Str+5 SInv Stlth-}
   (You found it on level 6 of the Dungeon)

   Str:       It affects your strength (+5).
   rElec:     It insulates you from electricity.
   SInv:      It lets you see invisible.
   Stlth:     It makes you less stealthy.
Jewellery
 a - a ring of protection from fire (left hand)
 f - a ring of willpower (right hand)
 l - a ring of fire
 n - an amulet of faith
Scrolls
 m - a scroll of identify
Potions
 b - a potion of invisibility {unknown}
 c - a potion of berserk rage {unknown}
 d - a potion of might {unknown}
 h - a potion of attraction {unknown}
 i - a potion of magic {unknown}
 j - a potion of degeneration {unknown}
 k - a potion of lignification {unknown}

Dungeon Overview and Level Annotations

Branches:
Dungeon (6/15)
 Temple: D:4-7

Altars:
Makhleb
Nemelex Xobeh
Vehumet
Xom
Yredelemnul


Message History

The bolt hits the killer bee.
The bolt burns the killer bee.
You kill the killer bee!
The killer bee stings you but does no damage.
The killer bee closely misses you. The killer bee stings you!
You shoot a bolt. The bolt closely misses the killer bee.
The bolt hits the killer bee!
The bolt burns the killer bee.
You kill the killer bee!
The killer bee stings you but does no damage. x2
The killer bee closely misses you.
Your Ranged Weapons skill increases to level 9!
You shoot a bolt. The bolt misses the killer bee.
The bolt barely misses the killer bee.
The killer bee stings you.
The killer bee stings you but does no damage.
The killer bee barely misses you.
You shoot a bolt. The bolt misses the killer bee.
The bolt closely misses the killer bee.
The killer bee barely misses you. The killer bee misses you.
You shoot a bolt. The bolt closely misses the killer bee.
The bolt misses the killer bee.
The killer bee stings you but does no damage. x2
The killer bee barely misses you.
You shoot a bolt. The bolt misses the killer bee. x2
The killer bee misses you. The killer bee stings you. x2
You shoot a bolt. The bolt hits the killer bee.
The bolt burns the killer bee.
The killer bee is severely wounded.
The killer bee stings you. x2
The killer bee stings you but does no damage.
You shoot a bolt. The bolt closely misses the killer bee.
The bolt hits the killer bee.
The bolt burns the killer bee.
The killer bee is moderately wounded.
The killer bee stings you but does no damage. x2
The killer bee stings you.
You shoot a bolt. The bolt hits the killer bee!!
The bolt burns the killer bee.
You kill the killer bee!
The killer bee misses you. The killer bee stings you.
You shoot a bolt. The bolt hits the killer bee!!
The bolt burns the killer bee.
You kill the killer bee!
The killer bee stings you!
You die...

. ..# #.. .... .. ......
...# #.#.... #.#### ...'
#..... #yy@.#
...####..########.#
...#............#.#
...#.........##.#%#
...#)........#....########
#............#...........#
..##.........#.#########.#
.###.........#.....# #.#
## #.........#####.# #.#


You could see 2 killer bees.

Vanquished Creatures
  Sigmund (D:5)
  Menkaure (D:5)
  Duvessa (D:6)
  An ogre (D:6)
  A phantom (D:5)
  Dowan (D:6)
  4 killer bees (D:6)
  2 howler monkeys
  3 orc priests
  A hound (D:4)
  A jelly (D:5)
  A sleepcap (D:6)
  3 iguanas
  4 orc wizards
  7 gnolls (D:5)
  9 adders
  A shadow imp (D:6)
  2 ufetubi
  2 worms
  5 dart slugs
  18 orcs
  4 ball pythons
  8 endoplasms
  A giant cockroach (D:4)
  5 goblins
  8 hobgoblins
  13 jackals
  2 quokkas
  13 bats
  3 frilled lizards
  7 kobolds
  3 rats
136 creatures vanquished.

Notes
Turn   | Place    | Note
-------+----------+-------------------------------------------
     0 | D:1      | qw the Gargoyle Hexslinger began the quest for the Orb.
     0 | D:1      | Reached XP level 1. HP: 12/12 MP: 2/2
     0 | D:1      | 0 ||| qw: Version: 0.3-a-46-gb1f654a
     0 | D:1      | 0 ||| qw: Game counter: 2970
     0 | D:1      | 0 ||| qw: Melee chars always use a shield: true
     0 | D:1      | 0 ||| qw: God list: Okawaru
     0 | D:1      | 0 ||| qw: Allow faded altars: false
     0 | D:1      | 0 ||| qw: Do Orc after clearing Dungeon:15 true
     0 | D:1      | 0 ||| qw: Do second Lair branch before Depths: true
     0 | D:1      | 0 ||| qw: Lair rune preference: random
     0 | D:1      | 0 ||| qw: Goals: Normal
     0 | D:1      | 0 ||| PLANNING D:1-11
    79 | D:1      | Reached XP level 2. HP: 16/16 MP: 3/3
   163 | D:1      | You fall into a shaft and drop 1 floor!
   178 | D:2      | Reached skill level 3 in Ranged Weapons
   283 | D:2      | Reached XP level 3. HP: 21/21 MP: 4/4
   438 | D:2      | Reached XP level 4. HP: 18/26 MP: 5/5
   543 | D:2      | Found a faded altar of an unknown god.
   585 | D:2      | 585 ||| UPGRADING to +0 ring mail.
   595 | D:2      | 595 ||| DROPPING +0 robe.
   596 | D:2      | 596 ||| READING scroll labelled VEGAYSK WOUTT.
   597 | D:2      | 597 ||| READING 2 scrolls labelled ARAM EGRET.
   598 | D:2      | 598 ||| DROPPING scroll of poison.
   599 | D:2      | 599 ||| DROPPING scroll of summoning.
   612 | D:2      | Reached skill level 4 in Ranged Weapons
   680 | D:1      | Reached skill level 1 in Armour
  1145 | D:1      | 1145 ||| UPGRADING to ring of protection from fire.
  1243 | D:2      | Found a shimmering altar of Xom.
  1516 | D:2      | 1516 ||| READING scroll labelled LOTEUS FOBOKAL.
  1517 | D:2      | 1517 ||| READING scroll labelled URUCISTA FODEPN.
  1517 | D:2      | Identified a scroll of acquirement
  1517 | D:2      | 1517 ||| ACQUIRING +1 arbalest of flaming
  1517 | D:2      | Acquired a +1 arbalest of flaming
  1519 | D:2      | 1519 ||| SWAPPING to +1 arbalest of flaming.
  1520 | D:2      | 1520 ||| DROPPING +1 sling.
  1521 | D:2      | 1521 ||| READING scroll labelled KOLEYB TIPNYA.
  1522 | D:2      | 1522 ||| READING scroll labelled IWKUZO POOFEPS.
  1523 | D:2      | 1523 ||| READING scroll labelled ZUH YPAYCYBA.
  1771 | D:3      | 1771 ||| Stepping ~*~*~tactically~*~*~ (outnumbered).
  1773 | D:3      | 1773 ||| Stepping ~*~*~tactically~*~*~ (outnumbered).
  1775 | D:3      | 1775 ||| Stepping ~*~*~tactically~*~*~ (outnumbered).
  1784 | D:3      | Reached XP level 5. HP: 16/30 MP: 6/6
  2014 | D:3      | Found a burning altar of Makhleb.
  2016 | D:3      | Found a sparkling altar of Nemelex Xobeh.
  2214 | D:3      | Reached skill level 5 in Ranged Weapons
  2300 | D:3      | 2300 ||| READING 3 scrolls labelled NUTZACIMISCH.
  2301 | D:3      | 2301 ||| READING scroll labelled KOALOO SOM RAETA.
  2302 | D:3      | 2302 ||| DRINKING 2 smoky puce potions.
  2303 | D:3      | 2303 ||| DROPPING potion of brilliance.
  2304 | D:3      | 2304 ||| DROPPING 2 scrolls of fear.
  2592 | D:4      | Reached skill level 3 in Fighting
  2680 | D:4      | 2680 ||| Stepping ~*~*~tactically~*~*~ (outnumbered).
  2687 | D:4      | Reached XP level 6. HP: 34/37 MP: 7/7
  3110 | D:4      | 3110 ||| UPGRADING to ring of willpower.
  3111 | D:4      | 3111 ||| READING scroll labelled WICOUTS FUNAE.
  3112 | D:4      | 3112 ||| DRINKING 2 pink potions.
  3121 | D:4      | 3121 ||| DRINKING 2 puce potions.
  3122 | D:4      | 3122 ||| DROPPING potion of ambrosia.
  3202 | D:5      | Entered Level 5 of the Dungeon
  3203 | D:5      | 3203 ||| PLANNING OSSUARY
  3207 | D:5      | 3207 ||| Stepping ~*~*~tactically~*~*~ (outnumbered).
  3209 | D:5      | 3209 ||| Stepping ~*~*~tactically~*~*~ (outnumbered).
  3224 | D:5      | 3224 ||| Stepping ~*~*~tactically~*~*~ (outnumbered).
  3226 | D:5      | HP: 7/37 [something/magic dart (9)]
  3227 | D:5      | 3227 ||| DRINKING potion of heal wounds.
  3234 | D:5      | Reached skill level 6 in Ranged Weapons
  3247 | D:5      | HP: 7/37 [something (3)]
  3429 | D:5      | Reached XP level 7. HP: 43/43 MP: 8/8
  3671 | D:5      | Reached skill level 7 in Ranged Weapons
  3758 | D:5      | Noticed Sigmund
  3768 | D:5      | Killed Sigmund
  3941 | D:5      | 3941 ||| RIP OSSUARY
  4053 | D:5      | 4053 ||| PLANNING D:1-11
  4057 | D:5      | Reached skill level 8 in Ranged Weapons
  4066 | D:5      | Reached XP level 8. HP: 47/48 MP: 9/9
  4067 | D:5      | 4067 ||| READING scroll labelled FUSAMA KIAFE.
  4073 | D:5      | 4073 ||| UPGRADING to +0 robe of cold resistance.
  4158 | D:5      | 4158 ||| STAIRDANCE
  4162 | D:5      | 4162 ||| STAIRDANCE
  4166 | D:5      | 4166 ||| STAIRDANCE
  4170 | D:5      | 4170 ||| STAIRDANCE
  4174 | D:5      | 4174 ||| STAIRDANCE
  4178 | D:5      | 4178 ||| STAIRDANCE
  4182 | D:5      | 4182 ||| STAIRDANCE
  4186 | D:5      | 4186 ||| STAIRDANCE
  4190 | D:5      | 4190 ||| STAIRDANCE
  4194 | D:5      | 4194 ||| STAIRDANCE
  4198 | D:5      | 4198 ||| STAIRDANCE
  4202 | D:5      | 4202 ||| STAIRDANCE
  4206 | D:5      | 4206 ||| STAIRDANCE
  4210 | D:5      | 4210 ||| STAIRDANCE
  4214 | D:5      | 4214 ||| STAIRDANCE
  4218 | D:5      | 4218 ||| STAIRDANCE
  4222 | D:5      | 4222 ||| STAIRDANCE
  4226 | D:5      | 4226 ||| STAIRDANCE
  4230 | D:5      | 4230 ||| STAIRDANCE
  4234 | D:5      | 4234 ||| STAIRDANCE
  4477 | D:4      | Found a basalt altar of Yredelemnul.
  4584 | D:5      | Noticed Menkaure
  4588 | D:5      | Killed Menkaure
  4707 | D:6      | Noticed Dowan
  4710 | D:6      | 4710 ||| Stepping ~*~*~tactically~*~*~ (outnumbered).
  4713 | D:6      | Noticed Duvessa
  4722 | D:6      | Killed Duvessa
  4723 | D:6      | Killed Dowan
  4749 | D:6      | 4749 ||| FLEEEEING.
  4750 | D:6      | 4750 ||| FLEEEEING.
  4893 | D:6      | Found a radiant altar of Vehumet.
  4955 | D:6      | Identified the +0 ring mail of Cyoloet {rElec Str+5 SInv
                  | Stlth-}
  5028 | D:6      | Reached skill level 9 in Ranged Weapons
  5033 | D:6      | HP: 11/49 [killer bee (3)]
  5035 | D:6      | Slain by a killer bee

Levels and vault maps discovered:
D:1:      nzn_arrival_crosshair, layout_basic
D:2:      minmay_alternating_diamond, layout_loops_cross,
          dreamdust_ecumenical_altar_hidden_monk_grotto, basic_altar,
          minmay_heptomino_o4
D:3:      layout_basic, grunt_temple_overflow_open
D:4:      layout_basic, nicolae_overflow_hidden_temple
D:5:      layout_basic, enter_ossuary_5, uniq_menkaure, uniq_sigmund
D:6:      layout_basic, fiery_altar_vehumet, lemuel_tele_altar,
          minmay_temple_entry_mini_moons, uniq_duvessa

Skill      XL: |  1  2  3  4  5  6  7  8 |
---------------+-------------------------+-----
Ranged Weapons | 3 4 5 6 8 9 |  9.0
Fighting       | 2 3 4 5 |  5.5
Armour         | 1 |  1.0
Dodging        | 2 |  2.6
Spellcasting   | |  1.0
Hexes          | |  2.6

Action                     |  1- 3 |  4- 6 |  7- 9 || total
---------------------------+-------+-------+-------++-------
   Fire: Sling             |    82 |   108 |       ||   190
         Arbalest          |       |   123 |   105 ||   228
    Use: Scroll            |       |    10 |     1 ||    11
         Potion            |       |     4 |       ||     4
 Armour: Robe              |    11 |     2 |    16 ||    29
         Ring mail         |       |   127 |    19 ||   146
  Dodge: Dodged            |    33 |   119 |    46 ||   198

Table legend:
 A = Non-vault XP
 B = Vault XP
 C = Vault XP percentage of total XP
 D = Non-vault monster count
 E = Vault monster count
 F = Vault count percentage of total count
                 A         B        C        D         E       F
            +---------+---------+-------+---------+---------+-------
      Total |    1461 |     663 |  31.2 |     124 |      12 |   8.8
            +---------+---------+-------+---------+---------+-------
        D:1 |      53 |       0 |   0.0 |      29 |       0 |   0.0
        D:2 |      44 |      49 |  52.7 |      17 |       8 |  32.0
        D:3 |      77 |       0 |   0.0 |      17 |       0 |   0.0
        D:4 |     182 |       0 |   0.0 |      19 |       0 |   0.0
        D:5 |     568 |     400 |  41.3 |      26 |       2 |   7.1
        D:6 |     537 |     214 |  28.5 |      16 |       2 |  11.1
            +---------+---------+-------+---------+---------+-------
